 Dungeon Crawl Stone Soup version 0.30-a0-341-g682706514a (webtiles) character file.

Game seed: 7167275850462353139

438 Ijustatesigmund the Firebug (level 6, -2/47 (51) HPs)
             Began as a Demonspawn Fire Elementalist on Nov 5, 2022.
             Slain by a necrophage (7 damage)
             ... on level 5 of the Dungeon.
             The game lasted 00:09:27 (4104 turns).

Ijustatesigmund the Firebug (DsFE)                  Turns: 4104, Time: 00:09:28

HP:   -2/47 (51)    AC:  4    Str: 12    XL:     6   Next: 69%
MP:   10/10         EV: 16    Int: 18    God:
Gold: 254           SH:  0    Dex: 12    Spells: 9/12 levels left

rFire   . . .      SeeInvis .    c - +1 whip (elec)
rCold   . . .      Faith    .    (no shield)
rNeg    . . .      Spirit   .    a - +0 robe
rPois   .          Reflect  .    (no helmet)
rElec   .          Harm     .    (no cloak)
rCorr   .          Rampage  .    u - +0 pair of gloves
Will    .....                    h - +0 pair of boots
Stlth   ++........               m - amulet of magic regeneration
HPRegen 0.27/turn                n - +4 ring of evasion
MPRegen 0.52/turn                (no ring)

@: attractive, drained
A: foul stench 1, powered by death 2, low MP 1, robust 1, strong 1
a: no special abilities


You were on level 5 of the Dungeon.
You visited 1 branch of the dungeon, and saw 5 of its levels.

You collected 254 gold pieces.

Inventory:

Hand Weapons
 c - a +1 whip of electrocution (weapon)
 v - a +0 flail of venom
Missiles
 r - 6 silver boomerangs
Armour
 a - a +0 robe (worn)
 h - a +0 pair of boots (worn)
 p - a +2 leather armour of willpower
 u - a +0 pair of gloves (worn)
Magical Staves
 q - a staff of poison
Jewellery
 m - an amulet of magic regeneration (around neck)
 n - a +4 ring of evasion (left hand)
 w - an amulet of regeneration
Wands
 t - a wand of flame (3)
Scrolls
 g - a scroll of vulnerability
 k - a scroll of torment {unknown}
 o - a scroll of magic mapping {unknown}
Potions
 b - a potion of magic
 d - a potion of haste {unknown}
 e - a potion of attraction
 f - a potion of mutation
 i - 2 potions of curing {unknown}
 j - a potion of berserk rage {unknown}
 l - a potion of flight {unknown}
 s - a potion of heal wounds {unknown}


   Skills:
 - Level 3.0 Fighting
 + Level 0.0 Armour
 + Level 1.7 Dodging
 - Level 1.7 Stealth
 + Level 3.6 Spellcasting
 + Level 3.5 Conjurations
 + Level 4.2 Fire Magic


You had 9 spell levels left.
You knew the following spells:

 Your Spells              Type           Power      Damage    Failure   Level
a - Foxfire               Conj/Fire      68%        2x1d7     3%          1
b - Scorch                Fire           36%        2d6       4%          2

Your spell library contained the following spells:

 Spells                   Type           Power      Damage    Failure   Level
 Shock                    Conj/Air       36%        1d5       8%          1
 Inner Flame              Hex/Fire       10%        N/A       19%         3
 Kindle Blastsparks       Fire/Tloc/Air  16%        2d11      26%         3
 Flame Wave               Conj/Fire      17%        2d7       30%         4
 Ozocubu's Armour         Ice            3%         N/A       43%         3
 Swiftness                Air            3%         N/A       43%         3
 Airstrike                Air            1%         2d(1-17)  83%         4
 Petrify                  Tmut/Erth      3%         N/A       83%         4
 Metabolic Englaciation   Hex/Ice        1%         N/A       99%         5
 Simulacrum               Ice/Necr       1%         N/A       100%        6
 Statue Form              Tmut/Erth      2%         N/A       100%        6


Dungeon Overview and Level Annotations

Branches:
Dungeon (5/15)
 Temple: D:4-7

Altars:


Innate Abilities, Weirdness & Mutations

You may rarely emit foul miasma when damaged in melee.
You regenerate health from kills.
Your magical capacity is low. (-10% MP)
You are robust. (+10% HP)
Your muscles are strong. (Str +4, Int/Dex -1)


Message History

You conjure some foxfire!
The necrophage closely misses you.
The gnoll sergeant hits you from afar with a +0 spear.
The foxfire hits the gnoll sergeant but does no damage.
The gnoll sergeant is lightly wounded.
The foxfire hits the necrophage.
The necrophage is moderately damaged.
The gnoll sergeant hits you from afar with a +0 spear!
The necrophage hits you.
Casting: Foxfire (safe; 2% risk of failure)
Confirm with . or Enter, or press ? or * to list all spells.
Flames lash the necrophage.
The necrophage is severely damaged.
The necrophage's fire resistance burns away.
The necrophage barely misses you. The gnoll sergeant closely misses you.
The necrophage hits you. The gnoll sergeant barely misses you.
Casting: Scorch (safe; 3% risk of failure)
Confirm with . or Enter, or press ? or * to list all spells.
Flames lash the gnoll sergeant.
The gnoll sergeant is moderately wounded.
The gnoll sergeant's fire resistance burns away.
The gnoll sergeant hits you from afar with a +0 spear.
The necrophage hits you.
* * * LOW HITPOINT WARNING * * *
You feel drained.
* * * LOW HITPOINT WARNING * * *
The necrophage closely misses you.
The gnoll sergeant hits you but does no damage.
Okay, then.
It was a potion of mutation.
You feel extremely strange.
You feel less energetic.
You feel robust.
You feel stronger.
The gnoll sergeant hits you from afar with a +0 spear.
* * * LOW HITPOINT WARNING * * *
The necrophage hits you.
* * * LOW HITPOINT WARNING * * *
You feel drained.
It was a potion of attraction.
You feel attractive to monsters.
The gnoll sergeant is no longer more vulnerable to fire.
The necrophage hits you!
You die...

#######
###....<# .
###.....###
....#.....###
.....gn@###
#....l###
...... ..#..
# ##. #


You could see a necrophage (combustible), a gnoll sergeant and an iguana.

Vanquished Creatures
  A black bear (D:4)
  A scorpion (D:4)
  A hound (D:5)
  A jelly (D:4)
  Robin (D:2)
  7 gnolls
  3 adders
  5 worms
  2 dart slugs
  2 orcs (D:4)
  5 bats
  5 endoplasms
  2 giant cockroaches (D:1)
  15 goblins
  11 hobgoblins
  5 jackals
  6 quokkas
  8 ball pythons
  4 frilled lizards
  8 kobolds
  5 rats
98 creatures vanquished.

Vanquished Creatures (others)
  315 foxfires
315 creatures vanquished.

Grand Total: 413 creatures vanquished

Notes
Turn   | Place    | Note
-------+----------+-------------------------------------------
     0 | D:1      | Ijustatesigmund the Demonspawn Fire Elementalist began the
                  | quest for the Orb.
     0 | D:1      | Reached XP level 1. HP: 13/13 MP: 3/3
     3 | D:1      | Noticed an ogre
     5 | D:1      | Noticed a vine stalker
    15 | D:1      | Noticed a minotaur zombie
    21 | D:1      | Noticed a draconian
   278 | D:1      | Gained mutation: You regenerate a little health from kills.
                  | [demonic ancestry]
   278 | D:1      | Reached XP level 2. HP: 19/19 MP: 0/5
   328 | D:1      | Learned a level 2 spell: Scorch
   541 | D:1      | Reached skill level 3 in Fire Magic
   872 | D:1      | Reached XP level 3. HP: 25/25 MP: 4/6
  1683 | D:2      | Reached skill level 1 in Fighting
  1830 | D:2      | Noticed Robin
  1857 | D:2      | Killed Robin
  1858 | D:2      | Gained mutation: You regenerate health from kills. [demonic
                  | ancestry]
  1858 | D:2      | Reached XP level 4. HP: 27/32 MP: 7/7
  2824 | D:3      | Reached XP level 5. HP: 38/38 MP: 7/9
  3337 | D:4      | Noticed a black bear
  3436 | D:4      | Killed a black bear
  3437 | D:4      | Reached skill level 4 in Fire Magic
  3437 | D:4      | Gained mutation: You may rarely emit foul miasma when
                  | damaged in melee. [demonic ancestry]
  3437 | D:4      | Reached XP level 6. HP: 29/46 MP: 5/11
  4069 | D:5      | Entered Level 5 of the Dungeon
  4103 | D:5      | Gained mutation: Your magical capacity is low. (-10% MP)
                  | [potion of mutation]
  4103 | D:5      | Gained mutation: You are robust. (+10% HP) [potion of
                  | mutation]
  4103 | D:5      | Gained mutation: Your muscles are strong. (Str +4, Int/Dex
                  | -1) [potion of mutation]
  4104 | D:5      | Slain by a necrophage

Illustrated notes

Levels and vault maps discovered:
D:1:      shiori_arrival_whats_in_store_for_you, layout_rooms,
          minmay_tetromino_i2
D:2:      layout_loops_ring, columned_hall_lemuel, uniq_robin
D:3:      layout_loops_ring
D:4:      minmay_diamond_boxcup, layout_loops_ring
D:5:      layout_layer_cave, minmay_temple_entry_proselytizer, minmay_crossroads

Skill      XL: |  1  2  3  4  5  6 |
---------------+-------------------+-----
Fire Magic     | 3 4 |  4.2
Conjurations   | 2 3 |  3.5
Fighting       | 1 2 3 |  3.0
Spellcasting   | 3 |  3.6
Dodging        | |  1.7
Stealth        | |  1.7

Action                   |  1- 3 |  4- 6 || total
-------------------------+-------+-------++-------
Melee: Unarmed           |     2 |       ||     2
       Spear             |    19 |    11 ||    30
       Punch             |     1 |       ||     1
       Whip              |       |     4 ||     4
 Cast: Foxfire           |    87 |   119 ||   206
       Scorch            |     1 |    26 ||    27
  Use: Scroll            |       |     8 ||     8
       Potion            |       |     2 ||     2
 Stab: Sleeping          |       |     1 ||     1
Armor: Robe              |    17 |    29 ||    46
Dodge: Dodged            |    29 |   128 ||   157

Table legend: (Time is in decaauts)
 A = Elapsed time spent in this place.
 B = Non-inter-level travel time spent in this place.
 C = Inter-level travel time spent in this place.
 D = Time resting spent in this place.
 E = Time spent auto-exploring this place.
 F = Levels seen in this place.
 G = Mean time per level.
                   A        B        C        D        E       F      G
               +--------+--------+--------+--------+--------+-----+--------+
         Total |   4105 |   4040 |     65 |    801 |   2460 |   5 |  821.0 |
       Dungeon |   4105 |   4040 |     65 |    801 |   2460 |   5 |  821.0 |
               +--------+--------+--------+--------+--------+-----+--------+

Top non-repeatable levels by time:
     D:1: 1226 daAuts
     D:4: 1005 daAuts
     D:2: 948 daAuts
     D:3: 890 daAuts
     D:5: 34 daAuts
